 Dungeon Crawl Stone Soup version 0.21-a0-184-g9126a74 (webtiles) character file.

4819 drasked the Destroyer (level 10, 0/56 HPs)
             Began as a Deep Elf Fire Elementalist on Aug 11, 2017.
             Was a Believer of Vehumet.
             Slain by a two-headed ogre
             ... wielding a +0 giant club
              (22 damage)
             ... on level 9 of the Dungeon.
             The game lasted 00:35:29 (9603 turns).

drasked the Destroyer (Deep Elf Fire Elementalist)  Turns: 9603, Time: 00:35:31

Health: 0/56       AC:  5    Str:  3    XL:     10   Next: 24%
Magic:  7/20       EV: 16    Int: 29    God:    Vehumet [**....]
Gold:   233        SH:  0    Dex: 17    Spells: 8/19 levels left

rFire    . . .     SeeInvis .   K - +0 dagger (speed)
rCold    . . .     Gourm    .   (no shield)
rNeg     + . .     Faith    .   a - +0 robe
rPois    .         Spirit   .   r - +0 helmet
rElec    .         Reflect  .   s - +0 cloak
rCorr    .         Harm     .   (no gloves)
MR       +....                  n - +0 pair of boots
Stlth    ++........             (no amulet)
HPRegen  0.18/turn              y - +3 ring of intelligence
MPRegen  0.17/turn              C - ring "Pitaonn" {+Fly rN+ Str-2 Int+2 Dex+2}

@: no status effects
A: no striking features
a: Renounce Religion, Evoke Flight


You were on level 9 of the Dungeon.
You worshipped Vehumet.
Vehumet was pleased with you.
You were not hungry.

You visited 2 branches of the dungeon, and saw 10 of its levels.

You collected 490 gold pieces.
You spent 257 gold pieces at shops.

Inventory:

Hand Weapons
 K - a +0 dagger of speed (weapon)
   (You took it off an orc wizard on level 9 of the Dungeon)
Missiles
 f - 3 throwing nets {=f, !d}
Armour
 a - a +0 robe (worn)
 n - a +0 pair of boots (worn)
   (You found it on level 2 of the Dungeon)
 r - a +0 helmet (worn)
   (You took it off Robin on level 3 of the Dungeon)
 s - a +0 cloak (worn)
   (You found it on level 2 of the Dungeon)
Jewellery
 v - an uncursed ring of see invisible {sInv, !d}
   (You found it on level 2 of the Dungeon)
 y - a +3 ring of intelligence (left hand)
   (You bought it in a shop on level 4 of the Dungeon)
 C - the ring "Pitaonn" (right hand) {+Fly rN+ Str-2 Int+2 Dex+2}
   (You found it on level 5 of the Dungeon)

   [ring of flight]

   It affects your strength (-2).
   It affects your intelligence (+2).
   It affects your dexterity (+2).
   It protects you from negative energy.
   It lets you fly.
 F - an uncursed ring of wizardry {Wiz+, !d}
   (You found it on level 5 of the Dungeon)
Wands
 k - a wand of lightning (2/15)
   (You found it on level 7 of the Dungeon)
Scrolls
 d - 5 scrolls of teleportation
 e - a scroll of immolation {!r}
 h - a scroll of fear {unknown}
 i - a scroll of fog {unknown}
 j - 2 scrolls of blinking {unknown}
 u - 2 scrolls of remove curse
 x - 2 scrolls of enchant weapon
 A - a scroll of amnesia {unknown}
 G - a scroll of magic mapping {unknown}
 H - a scroll of random uselessness {unknown}
Potions
 m - a potion of might {unknown}
 o - 2 potions of lignification {!q}
 p - 2 potions of brilliance
 q - a potion of cancellation
 t - 4 potions of mutation {!q}
 w - 3 potions of curing
 z - a potion of heal wounds
 B - 2 potions of flight
 D - a potion of berserk rage {!q}
 I - a potion of ambrosia {unknown}
 J - a potion of resistance {unknown}
 L - a potion of agility
Books
 b - a book of Flames
Comestibles
 c - 10 bread rations {@e1}
 g - 4 meat rations {@e2}
 l - 10 fruits


   Skills:
 + Level 4.0 Fighting
 + Level 6.1 Dodging
 - Level 2.4 Stealth
 + Level 5.4 Spellcasting
 - Level 10.4 Conjurations
 - Level 10.1 Fire Magic


You had 8 spell levels left.
You knew the following spells:

 Your Spells              Type           Power        Failure   Level  Hunger
a - Flame Tongue          Conj/Fire      #####        1%          1    None
b - Magic Dart            Conj           ####         1%          1    None
c - Conjure Flame         Conj/Fire      ######..     1%          3    None
s - Sticky Flame          Conj/Fire      ######..     1%          4    ###....
x - Throw Flame           Conj/Fire      ######       1%          2    None


Dungeon Overview and Level Annotations

Branches:
Dungeon (9/15)             Temple (1/1) D:4            Lair (0/6) D:8
    Orc: D:9-12

Altars:
Ashenzari
Cheibriados
Dithmenos
Elyvilon
Fedhas
Gozag
Hepliaklqana
Kikubaaqudgha
Makhleb
Nemelex Xobeh
Okawaru
Qazlal
Ru
Sif Muna
Trog
Uskayaw
Vehumet
Wu Jian
Xom
Yredelemnul
Zin
The Shining One

Shops:
D:4 =   D:9 %!

Annotations:
D:6 exclusion: oklob plant


Message History

You feel your power returning.
There is an open door here.
You see here a hand axe.
An orc comes into view. It is wielding a club.
Aim: an orc, wielding a club and wearing a ring mail (hasn't noticed you)
The puff of flame hits the orc.
You kill the orc!
Vehumet accepts your kill.
You feel your power returning.
You now have 3/19 mp.
You start resting.
Some of the chunks of flesh in your inventory have rotted away.
Eating one of 3 chunks of flesh {@w0}.
You eat one of the 3 chunks of flesh {@w0}.
All of the chunks of flesh in your inventory have rotted away.
Health restored: 56; MP restored: 19
j - 2 scrolls labeled AFYNNA SIPP (gained 1)
Things that are here:
a robe; an orc corpse
h - a scroll labeled XYCZARGH FOXEL
Things that are here:
an uncursed shortbow; 13 arrows
There is an open door here.
You now have 233 gold pieces (gained 9).
Things that are here:
a club; a ring mail
There is an open door here.
You see here a gnoll corpse.
You see here a gnoll corpse.
Things that are here:
a club; a gnoll corpse
f - 3 throwing nets {=f, !d} (gained 1)
Things that are here:
a club; a gnoll corpse You see here a gnoll corpse.
There is an open door here.
You see here a gnoll corpse.
There is an open door here.
There is an open door here.
There is an open door here.
You open the door.
There is an open door here.
As you open the door, it creaks loudly!
There is an open door here.
You open the door.
There is an open door here.
There is an open door here.
You open the door.
A two-headed ogre comes into view.
It is wielding a giant club and a dire flail.
The two-headed ogre shouts in stereo!
Aim: a two-headed ogre, wielding a giant club and a dire flail The flame tongue misses the two-headed ogre.
A wyvern comes into view.
You now have 18/19 mp.
The fire ignites!
The wyvern hisses angrily.
You now have 15/19 mp.
Aim: a two-headed ogre, wielding a giant club and a dire flail The flame tongue hits the two-headed ogre.
You now have 14/19 mp.
The fire ignites!
The wyvern is engulfed in blazing flames.
You now have 11/19 mp.
Aim: a wyvern (flame, moderately wounded)
The flame tongue hits the wyvern.
The wyvern is engulfed in blazing flames.
The wyvern barely misses you.
The two-headed ogre is engulfed in blazing flames.
The wyvern is engulfed in blazing flames.
The wyvern hisses menacingly.
The wyvern misses you.
You now have 10/19 mp.
The wyvern is engulfed in blazing flames.
You kill the wyvern!
Vehumet accepts your kill.
You feel your power returning.
Your Fighting skill increases to level 4!
You regained 3 mp, and now have 13/20 mp.
Aim: a two-headed ogre, wielding a giant club and a dire flail (moderately wounded)
The sticky flame hits the two-headed ogre.
The two-headed ogre is covered in liquid flames!
The two-headed ogre burns!
The two-headed ogre hits you with a giant club!!
Ouch! That really hurt!
The two-headed ogre misses you.
You hear an angry growl.
You take 28 damage, and have 28/56 hp.
MASSIVE DAMAGE!!
You now have 9/20 mp.
Aim: a two-headed ogre, wielding a giant club and a dire flail (heavily wounded, covered in liquid flames)
The flame tongue hits the two-headed ogre.
The two-headed ogre appears unharmed.
The two-headed ogre burns!
The two-headed ogre barely misses you.
The two-headed ogre hits you with a dire flail!
You take 7 damage, and have 21/56 hp.
You now have 8/20 mp.
Aim: a two-headed ogre, wielding a giant club and a dire flail (heavily wounded, covered in liquid flames)
The flame tongue hits the two-headed ogre.
The two-headed ogre burns!
The two-headed ogre hits you with a giant club!!
You die...

#..'.....') #..#.....#[
#..#.....#. #
#####..#.....#. #.
#..##..#.....†. #..
#..#...#.....#† #...
#..##..#.....#.
#....#+#####..##..#.....##
#....§§.O@....##..#.....#.
#....#........##..#.....#.
######....##..##..#.....#.
#..##....##..##..#.....#.
#...#........##..#.....#.
#...'........##..#.....##
######...##..##..#.....#.
.###...##..##..'.....#.
............##..#.....#.


You could see a two-headed ogre (burning).

Vanquished Creatures
  A two-headed ogre (D:8)
  A spriggan (D:7)
  2 wyverns
  A hungry ghost (D:8)
  3 porcupines (D:8)
  An orc warrior (D:8)
  3 black bears (D:8)
  6 ice beasts
  An ogre (D:6)
  4 centaurs
  A crocodile (D:8)
  3 bullfrogs
  2 wyvern zombies
  3 scorpions
  5 wights (D:8)
  A howler monkey (D:7)
  A crimson imp (D:8)
  3 hounds
  2 orc priests
  6 jellies
  A bullfrog skeleton (D:4)
  An iguana (D:7)
  8 orc wizards
  5 worker ants
  Terence (D:3)
  3 hound zombies
  Robin (D:3)
  10 gnolls
  10 adders
  3 shadow imps
  9 oozes
  An adder skeleton (D:5)
  3 adder zombies
  A worm (D:2)
  3 dart slugs
  A leopard gecko (D:8)
  27 orcs
  2 ball pythons
  6 bats
  5 giant cockroaches
  13 goblins
  6 hobgoblins
  12 jackals
  7 quokkas
  8 frilled lizards
  6 kobolds
  A quokka zombie (D:7)
  7 rats
211 creatures vanquished.

Vanquished Creatures (others)
  10 fungi
10 creatures vanquished.

Grand Total: 221 creatures vanquished

Notes
Turn   | Place    | Note
-------+----------+-------------------------------------------
     0 | D:1      | drasked the Deep Elf Fire Elementalist began the quest for the Orb.
     0 | D:1      | Reached XP level 1. HP: 10/10 MP: 6/6
   125 | D:1      | Reached skill level 2 in Conjurations
   220 | D:1      | Reached XP level 2. HP: 15/15 MP: 5/8
   520 | D:1      | Learned a level 2 spell: Throw Flame
   546 | D:2      | Reached skill level 3 in Conjurations
   631 | D:2      | Reached XP level 3. HP: 19/19 MP: 4/9
   895 | D:2      | Reached skill level 4 in Conjurations
  1039 | D:2      | Reached XP level 4. HP: 19/24 MP: 7/10
  1536 | D:3      | Noticed Robin
  1682 | D:3      | Killed Robin
  1780 | D:3      | Learned a level 4 spell: Sticky Flame
  1808 | D:3      | Reached skill level 5 in Conjurations
  1912 | D:3      | Reached XP level 5. HP: 28/28 MP: 7/11
  2098 | D:3      | Noticed Terence
  2106 | D:3      | Killed Terence
  2385 | D:4      | Found a staircase to the Ecumenical Temple.
  2394 | Temple   | Entered the Ecumenical Temple
  2407 | Temple   | Became a worshipper of Vehumet
  2786 | D:4      | Reached skill level 6 in Conjurations
  2924 | D:4      | Reached XP level 6. HP: 20/32 MP: 6/12
  3173 | D:4      | Found Fiol's Jewellery Shop.
  3177 | D:4      | Found a bloodstained altar of Trog.
  3182 | D:4      | Bought a +3 ring of intelligence for 172 gold pieces
  3445 | D:5      | Entered Level 5 of the Dungeon
  3554 | D:5      | Got a scintillating granite ring
  3642 | D:5      | Reached skill level 7 in Conjurations
  3710 | D:5      | Noticed an ice beast
  3885 | D:5      | Learned a level 3 spell: Conjure Flame
  3999 | D:5      | Reached skill level 4 in Fire Magic
  4129 | D:5      | Noticed an ice beast
  4146 | D:5      | Killed an ice beast
  4146 | D:5      | Reached XP level 7. HP: 36/36 MP: 1/13
  4255 | D:5      | Reached skill level 5 in Fire Magic
  4432 | D:5      | Reached skill level 6 in Fire Magic
  4964 | D:6      | Identified the ring "Pitaonn" {+Fly rN+ Str-2 Int+2 Dex+2} (You found it on level 5 of the Dungeon)
  5068 | D:6      | Reached skill level 7 in Fire Magic
  5440 | D:6      | Reached XP level 8. HP: 41/41 MP: 7/14
  5507 | D:6      | Reached skill level 8 in Fire Magic
  5577 | D:6      | Reached * piety under Vehumet
  5577 | D:6      | Offered knowledge of Magic Dart by Vehumet.
  5580 | D:6      | Learned a level 1 spell: Magic Dart
  5714 | D:6      | Found a glowing golden altar of the Shining One.
  5762 | D:6      | Noticed an oklob plant
  6249 | D:7      | Reached skill level 8 in Conjurations
  6534 | D:7      | Reached skill level 9 in Fire Magic
  6810 | D:8      | Reached skill level 9 in Conjurations
  6990 | D:8      | Reached XP level 9. HP: 29/45 MP: 7/15
  7318 | D:8      | Offered knowledge of Sandblast by Vehumet.
  7318 | D:8      | Reached skill level 10 in Fire Magic
  7334 | D:7      | Upgraded the game from 0.21-a0-179-gd2bfb5f to 0.21-a0-184-g9126a74
  7621 | D:7      | Reached ** piety under Vehumet
  7924 | D:8      | Reached skill level 3 in Dodging
  7927 | D:8      | Reached skill level 1 in Fighting
  7933 | D:8      | Reached skill level 10 in Conjurations
  8021 | D:8      | HP: 12/48 [orc priest/divine providence (12)]
  8272 | D:8      | Found a staircase to the Lair.
  8306 | D:8      | Reached skill level 4 in Dodging
  8318 | D:8      | Reached skill level 2 in Fighting
  8743 | D:8      | Reached skill level 5 in Dodging
  8880 | D:8      | Noticed a two-headed ogre
  8891 | D:8      | Killed a two-headed ogre
  8891 | D:8      | Reached skill level 3 in Fighting
  8891 | D:8      | Reached skill level 4 in Spellcasting
  8891 | D:8      | Reached XP level 10. HP: 52/56 MP: 10/18
  8927 | D:9      | Found Xas Hiku's Distillery.
  8936 | D:9      | Bought a potion of degeneration for 17 gold pieces
  8936 | D:9      | Bought a potion of agility for 68 gold pieces
  9235 | D:9      | Reached skill level 5 in Spellcasting
  9274 | D:9      | Found Pulyjyvu's Food Boutique.
  9363 | D:9      | Offered knowledge of Mephitic Cloud by Vehumet.
  9393 | D:9      | Reached skill level 6 in Dodging
  9592 | D:9      | Noticed a two-headed ogre
  9599 | D:9      | Reached skill level 4 in Fighting
  9603 | D:9      | Slain by a two-headed ogre

Vault maps used:
D:1:      kennysheep_arrival_seaside
D:3:      uniq_terence, uniq_robin
D:4:      nicolae_overflow_hidden_temple, temple_statues, serial_shops, shop,
          first_bread
D:6:      lemuel_slime, nicolae_tso_swordbearing_angel
D:7:      the_bakery
D:8:      due_lair_maze_entry_diamond
D:9:      serial_shops, shop_fountains, nicolae_shop_waterfront,
          hangedman_decor_peaks_small
Temple:   regret_index_temple_sigil_plot

Skill      XL: |  1  2  3  4  5  6  7  8  9 10 |
---------------+-------------------------------+-----
Conjurations   | 2 3 4 5 6 7 9 10 | 10.4
Fire Magic     | 4 7 9 10 | 10.1
Dodging        | 5 6 |  6.1
Fighting       | 3 4 |  4.0
Spellcasting   | 4 5 |  5.4
Stealth        | |  2.4

Action                   |  1- 3 |  4- 6 |  7- 9 | 10-12 || total
-------------------------+-------+-------+-------+-------++-------
Melee: Dagger            |     1 |     1 |     8 |       ||    10
 Cast: Flame Tongue      |    60 |   108 |   186 |    33 ||   387
       Sticky Flame      |       |     9 |    16 |     5 ||    30
       Throw Flame       |       |     9 |    62 |    24 ||    95
       Conjure Flame     |       |       |     5 |     2 ||     7
       Magic Dart        |       |       |    14 |       ||    14
Evoke: Wand              |       |       |     2 |       ||     2
  Use: Scroll            |       |     4 |     9 |     1 ||    14
       Potion            |       |       |     1 |       ||     1
 Stab: Sleeping          |       |       |     1 |       ||     1
  Eat: Chunk             |       |     9 |    15 |     3 ||    27
       Fruit             |       |     3 |     2 |       ||     5
       Royal jelly       |       |       |     1 |       ||     1
Armor: Robe              |     1 |    12 |    15 |     4 ||    32
Dodge: Dodged            |    18 |    41 |    57 |    15 ||   131

Vault maps used:
D:1:      kennysheep_arrival_seaside
D:3:      uniq_terence, uniq_robin
D:4:      nicolae_overflow_hidden_temple, temple_statues, serial_shops, shop,
          first_bread
D:6:      lemuel_slime, nicolae_tso_swordbearing_angel
D:7:      the_bakery
D:8:      due_lair_maze_entry_diamond
D:9:      serial_shops, shop_fountains, nicolae_shop_waterfront,
          hangedman_decor_peaks_small
Temple:   regret_index_temple_sigil_plot

Table legend:
 A = Turns spent in this place as a percentage of turns spent in the entire game.
 B = Non-inter-level travel turns spent in this place as a percentage of non-inter-level travel turns spent in the entire game.
 C = Inter-level travel turns spent in this place as a percentage of turns spent in this place.
 D = Turns resting spent in this place as a percentage of non-inter-level travel turns spent in this place.
 E = Turns spent auto-exploring this place as a percentage of non-inter-level travel turns spent in this place.
 F = Non-inter-level travel turns spent in this place divided by the number of levels of this place that you've seen.
                   A       B       C       D       E      F
               +-------+-------+-------+-------+-------+----------------------
         Total | 100.0 | 100.0 |   0.6 |   4.7 |   9.5 | 271.8
       Dungeon |  97.8 |  97.8 |   0.6 |   4.8 |   8.9 | 295.3
        Temple |   2.2 |   2.2 |   1.6 |   0.0 |  35.0 |  60.0
               +-------+-------+-------+-------+-------+----------------------

Table legend:
 A = Kills in this place as a percentage of kills in entire the game.
 B = Kills by you in this place as a percentage of kills by you in the entire game.
 C = Kills by friends in this place as a percentage of kills by friends in the entire game.
 D = Other kills in this place as a percentage of other kills in the entire game.
 E = Experience gained in this place as a percentage of experience gained in the entire game.
 F = Experience gained in this place divided by the number of levels of this place that you have seen.
                   A       B       C       D       E      F
               +-------+-------+-------+-------+-------+----------------------
         Total | 100.0 | 100.0 |  -nan |  -nan | 100.0 | 688.5
       Dungeon | 100.0 | 100.0 |  -nan |  -nan | 100.0 | 765.0
               +-------+-------+-------+-------+-------+----------------------
